 Dungeon Crawl Stone Soup version 0.30-a0-652-gcc886f7154 (webtiles) character file.

Game seed: 15583036232752693305

130 Dirtsage the Changer (level 5, -2/33 HPs)
             Began as an Octopode Transmuter on Jan 17, 2023.
             Slain by a crimson imp (3 damage)
             ... summoned by Natasha
             ... on level 4 of the Dungeon.
             The game lasted 00:04:16 (2616 turns).

Dirtsage the Changer (Octopode Transmuter)          Turns: 2616, Time: 00:04:17

Health: -2/33      AC:  1    Str:  9    XL:     5   Next: 14%
Magic:  8/8        EV: 13    Int: 18    God:
Gold:   132        SH:  0    Dex: 12    Spells: 1/8 levels left

rFire   . . .      SeeInvis .      - Unarmed
rCold   . . .      Faith    .    (no shield)
rNeg    . . .      Spirit   .    (helmet currently unavailable)
rPois   .          Reflect  .    (no amulet)
rElec   .          Harm     .    W - ring of wizardry
rCorr   .          Rampage  .    (no ring)
Will    .....                    (no ring)
Stlth   ++                       (no ring)
HPRegen 0.25/turn                (no ring)
MPRegen 0.11/turn                (no ring)
                                 (no ring)
                                 (no ring)

@: appendages, hasted, very quick
A: tentacle spike 3, almost no armour, amphibious, 8 rings, camouflage 1,
gelatinous body 1, (nimble swimmer 1), tentacles
a: End Transformation


You were on level 4 of the Dungeon.
One of your tentacles had grown a beastly spike.
You visited 1 branch of the dungeon, and saw 4 of its levels.

You collected 132 gold pieces.

Inventory:

Missiles
 k - 5 curare-tipped darts
Jewellery
 W - a ring of wizardry (left tentacle)
Scrolls
 c - 4 scrolls of teleportation {unknown}
 d - a scroll of enchant armour {unknown}
 e - a scroll of identify {unknown}
 f - a scroll of amnesia {unknown}
 g - 2 scrolls of enchant weapon {unknown}
 i - 2 scrolls of immolation {unknown}
 j - a scroll of poison {unknown}
 n - a scroll of fear {unknown}
Potions
 a - a potion of lignification
 b - 2 potions of might {unknown}
 h - 2 potions of haste
 l - 2 potions of invisibility {unknown}
 m - a potion of attraction {unknown}
 o - a potion of curing {unknown}


   Skills:
 - Level 1.0 Fighting
 - Level 2.0 Dodging
 - Level 3.0 Unarmed Combat
 - Level 2.0 Spellcasting
 * Level 3.9 Transmutations
 * Level 3.1 Ice Magic


You had one spell level left.
You knew the following spells:

 Your Spells              Type           Power      Damage    Failure   Level
a - Beastly Appendage     Tmut           30%        N/A       1%          1
b - Wereblood             Tmut           15%        N/A       2%          2
c - Ice Form              Ice/Tmut       14%        N/A       16%         4

Your spell library contained the following spells:

 Spells                   Type           Power      Damage    Failure   Level
 Spider Form              Tmut/Pois      8%         N/A       10%         3


Dungeon Overview and Level Annotations

Branches:
Dungeon (4/15)
 Temple: D:4-7

Altars:
Ashenzari
Kikubaaqudgha
Yredelemnul

Shops:
D:4 [

Annotations:
D:4 Natasha, Pikel


Innate Abilities, Weirdness & Mutations

One of your tentacles has grown a beastly spike.
You cannot wear most types of armour.
You are amphibious.
You can wear up to eight rings at the same time.
Your skin changes colour to match your surroundings (Stealth+).
Your rubbery body absorbs attacks. (AC +1, EV +1)
((You are camouflaged when in or above water. (Stealth+)))
You have tentacles for arms and can constrict up to eight enemies at once.


Message History

You closely miss the giant cockroach. Your grab misses the giant cockroach.
The giant cockroach bites you but does no damage.
You tentacle-slap the giant cockroach. Your grab misses the giant cockroach.
You squeeze the giant cockroach.
You kill the giant cockroach!
The ball python hisses angrily.
You tentacle-slap the ball python.
You kill the ball python!
No target in view!
No target in view!
You enter the deep water.
There is an entrance to Fiowergh's Armour Shoppe here.
You enter the deep water.
Natasha, Servant of Life and Death comes into view.
Casting: Beastly Appendage (safe; 1% risk of failure)
Confirm with . or Enter, or press ? or * to list all spells.
One of your tentacles grows a vicious spike.
You now have 7/8 mp.
Natasha stares at you and mumbles some strange words.
The magic dart hits you!
You take 7 damage, and have 26/33 hp.
MASSIVE DAMAGE!!
Natasha mumbles some strange words.
Natasha shimmers violently.
Natasha mumbles some strange words.
Natasha stares at you and mumbles some strange words.
The magic dart hits you!
You take 10 damage, and have 16/33 hp.
MASSIVE DAMAGE!!
You are too injured to fight recklessly!
Natasha claws you!
* * * LOW HITPOINT WARNING * * *
The crimson imp hits you.
* * * LOW HITPOINT WARNING * * *
You take 9 damage, and have 7/33 hp.
MASSIVE DAMAGE!!
You closely miss Natasha. Your grab misses Natasha. Natasha claws you.
* * * LOW HITPOINT WARNING * * *
You take 6 damage, and have 1/33 hp.
It was a potion of haste.
You feel yourself speed up.
h - 2 potions of haste;
l - 2 cyan potions The crimson imp hits you.
You die...

#.#.#.......# #
#.#####.#.#.......# ..
#.........#.....†.# ...
#######.###.......# ....
######.###.......##.....
....................>....
####.....##.#####<##....
#.###....# ### ... #.
#....@# .. ......##5## .
...... #..# [...... ##...
...... ##... ...... ##.#
.... .. .


You could see a crimson imp (summoned).

Vanquished Creatures
  3 gnolls (D:3)
  2 adders (D:3)
  A worm (D:3)
  4 dart slugs
  An orc (D:3)
  8 ball pythons
  10 endoplasms
  3 giant cockroaches
  2 goblins (D:3)
  4 hobgoblins
  3 jackals (D:2)
  7 quokkas
  5 bats
  4 frilled lizards
  5 kobolds (D:1)
  7 rats
69 creatures vanquished.

Notes
Turn   | Place    | Note
-------+----------+-------------------------------------------
     0 | D:1      | Dirtsage the Octopode Transmuter began the quest for the
                  | Orb.
     0 | D:1      | Reached XP level 1. HP: 13/13 MP: 3/3
   135 | D:1      | Reached skill level 1 in Ice Magic
   135 | D:1      | Reached XP level 2. HP: 11/18 MP: 1/5
   148 | D:1      | Learned a level 2 spell: Wereblood
   201 | D:1      | Found a faded altar of an unknown god.
   296 | D:1      | Reached XP level 3. HP: 23/23 MP: 3/6
  1017 | D:2      | Found a basalt altar of Yredelemnul.
  1328 | D:2      | Reached XP level 4. HP: 28/28 MP: 7/7
  1333 | D:2      | Learned a level 4 spell: Ice Form
  1763 | D:3      | Found an ancient bone altar of Kikubaaqudgha.
  1763 | D:3      | Found a broken altar of Ashenzari.
  2351 | D:3      | Reached XP level 5. HP: 33/33 MP: 6/8
  2558 | D:4      | Noticed Pikel
  2558 | D:4      | Noticed a lemure
  2558 | D:4      | Noticed a lemure
  2587 | D:4      | Found Fiowergh's Armour Shoppe.
  2606 | D:4      | Noticed Natasha
  2614 | D:4      | HP: 1/33 [Natasha (6)]
  2616 | D:4      | Slain by a crimson imp

Illustrated notes

Levels and vault maps discovered:
D:1:      psy_arrival_dodecagon, layout_basic,
          chequers_ecumenical_altar_simple_redux, minmay_pentomino_q2
D:2:      layout_loops_ring, basic_altar
D:3:      layout_basic, chequers_temple_overflow_statue_of_worship,
          corexii_corridor_pit, st_stairs_7
D:4:      layout_basic, grunt_temple_overflow_lords_of_destruction,
          grunt_temple_overflow_diamond, temple_doors_e, serial_shops,
          nicolae_shop_advertising_works [nicolae_subvault_shop_adworks],
          nicolae_shop_waterfront, shop, uniq_pikel, uniq_natasha

Skill      XL: |  1  2  3  4  5 |
---------------+----------------+-----
Ice Magic      | 1 2 3 |  3.1
Transmutations | 3 |  3.9
Fighting       | |  1.0
Dodging        | |  2.0
Unarmed Combat | |  3.0
Spellcasting   | |  2.0

Action                   |  1- 3 |  4- 6 || total
-------------------------+-------+-------++-------
Melee: Unarmed           |    90 |    48 ||   138
       Constrict         |    24 |     9 ||    33
       Tentacles         |    16 |     8 ||    24
       Kick              |    22 |     6 ||    28
       Punch             |     1 |     1 ||     2
 Cast: Beastly Appendage |    16 |     5 ||    21
       Wereblood         |     5 |     1 ||     6
       Ice Form          |       |     5 ||     5
  Use: Potion            |       |     1 ||     1
 Stab: Sleeping          |    10 |     2 ||    12
Armor: Skin              |     4 |     4 ||     8
Dodge: Dodged            |    47 |    23 ||    70

Table legend: (Time is in decaauts)
 A = Elapsed time spent in this place.
 B = Non-inter-level travel time spent in this place.
 C = Inter-level travel time spent in this place.
 D = Time resting spent in this place.
 E = Time spent auto-exploring this place.
 F = Levels seen in this place.
 G = Mean time per level.
                   A        B        C        D        E       F      G
               +--------+--------+--------+--------+--------+-----+--------+
         Total |   2608 |   2537 |     71 |    103 |   1999 |   4 |  652.0 |
       Dungeon |   2608 |   2537 |     71 |    103 |   1999 |   4 |  652.0 |
               +--------+--------+--------+--------+--------+-----+--------+

Top non-repeatable levels by time:
     D:3: 992 daAuts
     D:2: 845 daAuts
     D:1: 738 daAuts
     D:4: 32 daAuts
